 Seeded DCSS version 0.29.1-13-g9f3cf754e1 (webtiles) character file.

Game seed: 3957822347884328589 (custom seed)

505 hbarley the Chopper (level 7, -1/60 HPs)
             Began as a Hill Orc Fighter on Feb 3, 2023.
             Slain by Duvessa
             ... wielding a +0 short sword
              (9 damage)
             ... on level 4 of the Dungeon.
             The game lasted 00:07:04 (3020 turns).

hbarley the Chopper (Hill Orc Fighter)              Turns: 3020, Time: 00:07:04

Health: -1/60      AC: 15    Str: 25    XL:     7   Next: 18%
Magic:  7/7        EV:  7    Int:  8    God:
Gold:   257        SH:  5    Dex: 12    Spells: 6/6 levels left

rFire   . . .      SeeInvis .   a - +0 war axe
rCold   . . .      Faith    .   c - +0 buckler
rNeg    . . .      Spirit   .   t - +0 plate armour
rPois   .          Reflect  .   (no helmet)
rElec   .          Harm     .   (no cloak)
rCorr   .          Rampage  .   f - +2 pair of gloves
Will    .....                   (no boots)
Stlth   ..........              w - amulet of regeneration
HPRegen 1.00/turn               e - +6 ring of strength
MPRegen 0.10/turn               (no ring)

@: no status effects
A: no striking features
a: no special abilities


You were on level 4 of the Dungeon.
You visited 1 branch of the dungeon, and saw 4 of its levels.

You collected 257 gold pieces.

Inventory:

Hand Weapons
 a - a +0 war axe (weapon)
Missiles
 s - 8 poisoned darts (quivered)
Armour
 b - a +0 scale mail
 c - a +0 buckler (worn)
 f - a +2 pair of gloves (worn)
 t - a +0 plate armour (worn)
Jewellery
 e - a +6 ring of strength (left hand)
 h - a ring of ice
 n - a ring of ice
 w - an amulet of regeneration (around neck)
Wands
 y - a wand of iceblast (5)
Scrolls
 g - a scroll of amnesia {unknown}
 i - 2 scrolls of enchant armour {unknown}
 k - 3 scrolls of teleportation {unknown}
 l - 2 scrolls of blinking {unknown}
 m - a scroll of immolation {unknown}
 p - 3 scrolls of identify {unknown}
 x - a scroll of vulnerability {unknown}
Potions
 d - a potion of might
 j - a potion of ambrosia {unknown}
 o - a potion of magic {unknown}
 q - a potion of invisibility {unknown}
 r - a potion of heal wounds {unknown}
 u - a potion of curing {unknown}
 v - a potion of mutation {unknown}


   Skills:
 + Level 4.9 Fighting
 + Level 7.1 Axes
 + Level 4.6 Armour
 + Level 1.4 Dodging
 + Level 0.3 Stealth
 + Level 4.2 Shields


You had 6 spell levels left.
You didn't know any spells.
Your spell library contained the following spells:

 Spells                   Type           Power      Damage    Failure   Level
 Alistair's Intoxication  Tmut/Pois      0%         N/A       100%        5
 Borgnjor's Vile Clutch   Necr/Erth      0%         N/A       100%        5
 Eringya's Noxious Bog    Tmut/Pois      0%         N/A       100%        6


Dungeon Overview and Level Annotations

Branches:
Dungeon (4/15)
 Temple: D:4-7

Altars:

Annotations:
D:3 2 transporters, leafyfresh's ghost, weakling GnDe
D:4 Duvessa


Message History

You slash Duvessa!
Duvessa is severely wounded.
You hit Dowan. Duvessa hits you with a +0 short sword. Dowan barely misses you.
You hit Dowan.
Dowan is almost dead.
You closely miss Duvessa. You hit the kobold.
Duvessa hits you but does no damage. The kobold hits you with a +0 club.
Dowan points at you and mumbles some strange words.
The puff of frost hits you.
You slash Dowan!
You kill Dowan!
Duvessa screams, "No!
How DARE you!"
Duvessa goes berserk!
You slash the kobold!
You kill the kobold!
You hit Duvessa but do no damage. Duvessa hits you but does no damage.
Duvessa closely misses you.
Your Axes skill increases to level 7!
You closely miss Duvessa.
Duvessa is heavily wounded.
You block Duvessa's attack. Duvessa hits you with a +0 short sword.
You hit Duvessa but do no damage.
Duvessa is heavily wounded.
Duvessa hits you with a +0 short sword! Duvessa barely misses you.
You hit Duvessa.
Duvessa is severely wounded.
Duvessa hits you with a +0 short sword! x2
* * * LOW HITPOINT WARNING * * *
You completely miss Duvessa.
Duvessa is severely wounded.
Duvessa barely misses you.
You slash Duvessa!
Duvessa is almost dead.
Duvessa hits you with a +0 short sword!
* * * LOW HITPOINT WARNING * * *
Duvessa hits you with a +0 short sword.
* * * LOW HITPOINT WARNING * * *
You closely miss Duvessa.
Duvessa is almost dead.
Duvessa barely misses you. Duvessa hits you with a +0 short sword!
You die...

##### #...# #...# .
#...# ...###...+
########## ...!..).e#
#.........
..##)@.######.........
.>.......'..............
...###...#....#.........
. .......#....#.........
####...#....#.........
.....+....#.........
...####....#.......).
.... #....#......... ...
#....##########


You could see Duvessa (berserk).

Vanquished Creatures
  Grinder (D:3)
  A scorpion (D:3)
  Dowan (D:4)
  A hound (D:4)
  Jessica (D:3)
  Ijyb (D:4)
  An orc wizard (D:3)
  3 adders
  3 worms
  4 orcs
  7 endoplasms
  5 giant cockroaches
  4 goblins
  4 hobgoblins
  5 jackals
  2 quokkas (D:1)
  6 ball pythons
  5 bats
  A frilled lizard (D:1)
  10 kobolds
  3 rats
69 creatures vanquished.

Notes
Turn   | Place    | Note
-------+----------+-------------------------------------------
     0 | D:1      | hbarley the Hill Orc Fighter began the quest for the Orb.
     0 | D:1      | Reached XP level 1. HP: 19/19 MP: 1/1
   144 | D:1      | Reached XP level 2. HP: 27/27 MP: 2/2
   217 | D:1      | Found a faded altar of an unknown god.
   642 | D:2      | Reached skill level 3 in Axes
   642 | D:2      | Reached XP level 3. HP: 33/33 MP: 3/3
  1479 | D:3      | Reached XP level 4. HP: 27/40 MP: 4/4
  1482 | D:3      | Reached skill level 4 in Axes
  1988 | D:3      | Noticed Jessica
  1993 | D:3      | Killed Jessica
  1994 | D:3      | Reached XP level 5. HP: 45/46 MP: 5/5
  2178 | D:3      | Noticed Grinder
  2180 | D:3      | Paralysed by Grinder for 2 turns
  2198 | D:3      | HP: 1/47 [Grinder/nerve-wracking pain (5)]
  2202 | D:3      | Killed Grinder
  2203 | D:3      | Reached skill level 6 in Axes
  2203 | D:3      | Reached skill level 1 in Dodging
  2203 | D:3      | Reached XP level 6. HP: 2/53 MP: 6/6
  2643 | D:3      | Found a transporter.
  2645 | D:3      | Noticed leafyfresh's ghost (weakling GnDe)
  2678 | D:3      | Found a transporter.
  2964 | D:4      | Noticed Ijyb
  2972 | D:4      | Killed Ijyb
  2985 | D:4      | Reached XP level 7. HP: 60/60 MP: 7/7
  3005 | D:4      | Noticed Duvessa
  3007 | D:4      | Noticed Dowan
  3014 | D:4      | Killed Dowan
  3015 | D:4      | Reached skill level 7 in Axes
  3020 | D:4      | Slain by Duvessa

Illustrated notes

Levels and vault maps discovered:
D:1:      erik_arrival_triangle_large, layout_rooms,
          chequers_ecumenical_altar_island, minivault_11, grunt_decor_junction
D:2:      layout_basic, minmay_cut_off
D:3:      layout_loops_ring, gammafunk_ghost_stat_death, uniq_jessica,
          uniq_grinder
D:4:      layout_basic, uniq_ijyb, uniq_duvessa

Skill      XL: |  1  2  3  4  5  6  7 |
---------------+----------------------+-----
Fighting       | 4 |  4.9
Axes           | 3 4 6 7 |  7.1
Armour         | 4 |  4.6
Dodging        | 1 |  1.4
Shields        | 4 |  4.2
Stealth        | |  0.3

Action                   |  1- 3 |  4- 6 |  7- 9 || total
-------------------------+-------+-------+-------++-------
Melee: War axe           |    90 |    80 |    12 ||   182
Armor: Scale mail        |    66 |    19 |       ||    85
       Plate armour      |       |    44 |     3 ||    47
Dodge: Dodged            |    44 |    22 |     6 ||    72
Block: Buckler           |    31 |    16 |     1 ||    48
